Construct Infanterie Kompanie
Selects Mechanized Battlegroup
Construct Panzergrenadier Kompanie
Selects Stoßtruppen Assault Package
Nebelwerfer 42 Rocket Launcher Team
Selects Zeroing Artillery Barrage
Construct Luftwaffe Kompanie
Marder III M Tank Destroyer
Selects StuG Assault Group
Construct Panzer Kompanie
Zeroing Artillery Barrage
Selects UNKNOWN (2160084)
Zeroing Artillery Barrage
Zeroing Artillery Barrage
Zeroing Artillery Barrage